| TOP OF THE 1ST |
|
Pawtucket Red Sox batting - Pitching for Durham Bulls : RHP Jose Robles
|
|
Pitching: RHP Jose Robles
|
|
|
Batting: RHB Roberto Morales
|
0-0: Ball 1-0: Ball 2-0: Ball 3-0: Called Strike 3-1: Base on Balls
|
|
Batting: RHB Brandon Perris
|
0-0: Ball 1-0: Called Strike 1-1: Swinging Strike 1-2: Strikes out swinging
|
|
Batting: RHB Jose Diaz
|
0-0: Called Strike 0-1: Called Strike 0-2: Ball 1-2: Grounds into double play, 6-4-3 (Groundball, 6, EV 100.6 MPH)
|
| Top of the 1st over - 0 runs, 0 hits, 0 errors, 0 left on base; Pawtucket 0 - Durham 0 |
| BOTTOM OF THE 1ST |
|
Durham Bulls batting - Pitching for Pawtucket Red Sox : RHP Justin Stinson
|
|
Pitching: RHP Justin Stinson
|
|
|
Batting: RHB Jonathan Fraire
|
0-0: Ball 1-0: Ground out 6-3 (Groundball, 6, EV 76.9 MPH)
|
|
Batting: LHB Jake Rheaume
|
0-0: Ball 1-0: Called Strike 1-1: SOLO HOME RUN (Flyball, 9LD, EV 90.6 MPH), Distance : 347 ft
|
|
Batting: LHB Davion Lewis
|
0-0: Called Strike 0-1: Ball 1-1: SINGLE (Groundball, 6S, EV 71.9 MPH) (infield hit)
|
|
Batting: RHB David Ward
|
0-0: Called Strike 0-1: Ball 1-1: Ball 2-1: Ball 3-1: Foul Ball, location: 2F 3-2: Base on Balls Davion Lewis to second
|
|
Batting: SHB Lou Kroneman
|
0-0: Grounds into double play, 4-6-3 (Groundball, 4, EV 82.5 MPH)
|
| Bottom of the 1st over - 1 run, 2 hits, 0 errors, 1 left on base; Pawtucket 0 - Durham 1 |
| TOP OF THE 2ND |
|
Pawtucket Red Sox batting - Pitching for Durham Bulls : RHP Jose Robles
|
|
Batting: LHB Zack Guillen
|
0-0: Foul Ball, location: 2F 0-1: Swinging Strike 0-2: Foul Ball, location: 2F 0-2: Strikes out swinging
|
|
Batting: RHB Rodolfo Contreras
|
0-0: Ball 1-0: Ball 2-0: Swinging Strike 2-1: Ball 3-1: Called Strike 3-2: Foul Ball, location: 2F 3-2: Strikes out looking
|
|
Batting: LHB Frank Olivo
|
0-0: Called Strike 0-1: Ground out 6-3 (Groundball, 4MS, EV 64.4 MPH)
|
| Top of the 2nd over - 0 runs, 0 hits, 0 errors, 0 left on base; Pawtucket 0 - Durham 1 |
| BOTTOM OF THE 2ND |
|
Durham Bulls batting - Pitching for Pawtucket Red Sox : RHP Justin Stinson
|
|
Batting: RHB Sesto Carpini
|
0-0: Swinging Strike 0-1: Fly out, F7 (Flyball, 7D, EV 106.9 MPH)
|
|
Batting: RHB Jose Arriola
|
0-0: Fly out, F8 (Flyball, 8RD, EV 81.9 MPH)
|
|
Batting: RHB Kevin Benfield
|
0-0: Ground out 3-1 (Groundball, 34, EV 91.2 MPH)
|
| Bottom of the 2nd over - 0 runs, 0 hits, 0 errors, 0 left on base; Pawtucket 0 - Durham 1 |
| TOP OF THE 3RD |
|
Pawtucket Red Sox batting - Pitching for Durham Bulls : RHP Jose Robles
|
|
Batting: RHB Neil Mautone
|
0-0: Ball 1-0: Ball 2-0: Ball 3-0: Base on Balls
|
|
Batting: RHB Sal Rivera
|
0-0: Ball 1-0: SINGLE (Groundball, 6S, EV 67.5 MPH) (infield hit) Neil Mautone to second
|
|
Batting: RHB Joe Evrard
|
0-0: Called Strike 0-1: Swinging Strike 0-2: Ball 1-2: Ball 2-2: Strikes out swinging
|
|
Batting: RHB Roberto Morales
|
0-0: Called Strike 0-1: Ball 1-1: Swinging Strike 1-2: 3-RUN HOME RUN (Flyball, 9D, EV 94.4 MPH), Distance : 363 ft
|
|
Batting: RHB Brandon Perris
|
0-0: DOUBLE (Flyball, 8RXD, EV 105.6 MPH)
|
|
Batting: RHB Jose Diaz
|
0-0: Ball 1-0: Ball 2-0: Ball 3-0: Base on Balls
|
|
Batting: LHB Zack Guillen
|
0-0: Ball 1-0: Swinging Strike 1-1: Ball 2-1: Swinging Strike 2-2: Foul Ball, location: 2F 2-2: Strikes out swinging
|
|
Batting: RHB Rodolfo Contreras
|
0-0: Ball 1-0: Foul Ball, location: 2F 1-1: Ball 2-1: Swinging Strike 2-2: Strikes out looking
|
| Top of the 3rd over - 3 runs, 3 hits, 0 errors, 2 left on base; Pawtucket 3 - Durham 1 |
| BOTTOM OF THE 3RD |
|
Durham Bulls batting - Pitching for Pawtucket Red Sox : RHP Justin Stinson
|
|
Batting: RHB Freddy Mullen
|
0-0: Ball 1-0: Ball 2-0: Ball 3-0: Base on Balls
|
|
Batting: RHB Jonathan Fraire
|
0-0: Ball 1-0: Ball 2-0: Called Strike 2-1: Foul Ball, location: 2F 2-2: Ball 3-2: Foul Ball, location: 2F 3-2: SINGLE (Groundball, 13, EV 86.9 MPH) (infield hit) Freddy Mullen to second
|
|
Batting: LHB Jake Rheaume
|
0-0: Ball 1-0: Ball 2-0: Ball 3-0: Base on Balls Freddy Mullen to third Jonathan Fraire to second
|
|
Batting: LHB Davion Lewis
|
0-0: Foul Ball, location: 2F 0-1: SINGLE (Groundball, 6S, EV 66.2 MPH) (infield hit) Freddy Mullen scores Jonathan Fraire to third Jake Rheaume to second
|
|
Batting: RHB David Ward
|
0-0: Ball 1-0: SINGLE (Line Drive, 5D, EV 102.5 MPH) Jonathan Fraire scores Jake Rheaume to third Davion Lewis to second
|
|
Batting: SHB Lou Kroneman
|
0-0: Foul Ball, location: 2F 0-1: TRIPLE (Flyball, 89XD, EV 95.6 MPH) Jake Rheaume scores Davion Lewis scores David Ward scores
|
|
Pitching: LHP Eric Del Sordo
|
|
|
Batting: RHB Sesto Carpini
|
0-0: Foul Ball, location: 2F 0-1: Fly out, F8 (Flyball, 8LD, EV 100.6 MPH) Runner from 3rd tags up, SCORES, throw by CF
|
|
Batting: RHB Jose Arriola
|
0-0: Foul Ball, location: 2F 0-1: SINGLE (Line Drive, 4D, EV 98.1 MPH)
|
|
Batting: RHB Kevin Benfield
|
0-0: Ball 1-0: Called Strike 1-1: Ball 2-1: Called Strike 2-2: Fly out, F3 (Popup, 3S, EV 85.6 MPH)
|
|
Batting: RHB Freddy Mullen
|
0-0: Ball 1-0: SINGLE (Line Drive, 8RS, EV 106.2 MPH) Jose Arriola to second Runner from 2nd tries for 3rd, SAFE, throw by CF made to third
|
|
Batting: RHB Jonathan Fraire
|
0-0: Ball 1-0: Called Strike 1-1: Called Strike 1-2: Fly out, F8 (Flyball, 8LD, EV 86.2 MPH)
|
| Bottom of the 3rd over - 6 runs, 6 hits, 0 errors, 2 left on base; Pawtucket 3 - Durham 7 |
| TOP OF THE 4TH |
|
Pawtucket Red Sox batting - Pitching for Durham Bulls : RHP Jose Robles
|
|
Batting: LHB Frank Olivo
|
0-0: Ball 1-0: Fly out, F9 (Flyball, 9LM, EV 90.0 MPH)
|
|
Batting: RHB Neil Mautone
|
0-0: Ball 1-0: Ball 2-0: Foul Ball, location: 2F 2-1: Called Strike 2-2: Ball 3-2: Strikes out swinging
|
|
Batting: RHB Sal Rivera
|
0-0: Swinging Strike 0-1: Foul Ball, location: 2F 0-2: Ball 1-2: Strikes out looking
|
| Top of the 4th over - 0 runs, 0 hits, 0 errors, 0 left on base; Pawtucket 3 - Durham 7 |
| BOTTOM OF THE 4TH |
|
Durham Bulls batting - Pitching for Pawtucket Red Sox : LHP Eric Del Sordo
|
|
Batting: LHB Jake Rheaume
|
0-0: Ball 1-0: Called Strike 1-1: Fly out, F3 (Popup, 3, EV 81.2 MPH)
|
|
Batting: LHB Davion Lewis
|
0-0: SINGLE (Groundball, 6D, EV 96.9 MPH)
|
|
Batting: RHB David Ward
|
0-0: Ball 1-0: Ball 2-0: Grounds into double play, 6-4-3 (Groundball, 6, EV 83.1 MPH)
|
| Bottom of the 4th over - 0 runs, 1 hit, 0 errors, 0 left on base; Pawtucket 3 - Durham 7 |
| TOP OF THE 5TH |
|
Pawtucket Red Sox batting - Pitching for Durham Bulls : RHP Jose Robles
|
|
Batting: RHB Joe Evrard
|
0-0: Ball 1-0: Fly out, F8 (Flyball, 8LD, EV 99.4 MPH)
|
|
Batting: RHB Roberto Morales
|
0-0: Called Strike 0-1: Ball 1-1: Ground out 6-3 (Groundball, 56, EV 102.5 MPH)
|
|
Batting: RHB Brandon Perris
|
0-0: Ball 1-0: Ball 2-0: Fly out, F7 (Flyball, 78S, EV 84.4 MPH)
|
| Top of the 5th over - 0 runs, 0 hits, 0 errors, 0 left on base; Pawtucket 3 - Durham 7 |
| BOTTOM OF THE 5TH |
|
Durham Bulls batting - Pitching for Pawtucket Red Sox : LHP Eric Del Sordo
|
|
Batting: SHB Lou Kroneman
|
0-0: Called Strike 0-1: Ball 1-1: Ball 2-1: Foul Ball, location: 2F 2-2: Ball 3-2: Base on Balls
|
|
Batting: RHB Sesto Carpini
|
0-0: Ball 1-0: SINGLE (Groundball, 5D, EV 104.4 MPH) Lou Kroneman to second
|
|
Batting: RHB Jose Arriola
|
0-0: Ball 1-0: Ball 2-0: Called Strike 2-1: Called Strike 2-2: Fielders Choice at 2nd, 4-6 (Groundball, 4, EV 83.8 MPH) Lou Kroneman to third
|
|
Batting: RHB Kevin Benfield
|
0-0: Ball 1-0: Called Strike 1-1: Swinging Strike 1-2: Ball 2-2: Strikes out swinging
|
|
Batting: RHB Freddy Mullen
|
0-0: Ball 1-0: Called Strike 1-1: 3-RUN HOME RUN (Flyball, 7LD, EV 95.0 MPH), Distance : 334 ft
|
|
Batting: RHB Jonathan Fraire
|
0-0: Swinging Strike 0-1: Called Strike 0-2: Strikes out swinging
|
| Bottom of the 5th over - 3 runs, 2 hits, 0 errors, 0 left on base; Pawtucket 3 - Durham 10 |
| TOP OF THE 6TH |
|
Pawtucket Red Sox batting - Pitching for Durham Bulls : RHP Jose Robles
|
|
Batting: RHB Jose Diaz
|
0-0: Swinging Strike 0-1: Called Strike 0-2: Ball 1-2: Ball 2-2: Ground out 4-3 (Groundball, 4M, EV 93.8 MPH)
|
|
Batting: LHB Zack Guillen
|
0-0: Foul Ball, location: 2F 0-1: Ball 1-1: Swinging Strike 1-2: Strikes out swinging
|
|
Batting: RHB Rodolfo Contreras
|
0-0: Ball 1-0: Ball 2-0: Called Strike 2-1: Fly out, F7 (Flyball, 7D, EV 96.9 MPH)
|
| Top of the 6th over - 0 runs, 0 hits, 0 errors, 0 left on base; Pawtucket 3 - Durham 10 |
| BOTTOM OF THE 6TH |
|
Durham Bulls batting - Pitching for Pawtucket Red Sox : LHP Eric Del Sordo
|
|
Batting: LHB Jake Rheaume
|
0-0: Swinging Strike 0-1: Foul Ball, location: 2F 0-2: Ball 1-2: Ball 2-2: Ground out U3 (Groundball, 3, EV 87.5 MPH)
|
|
Batting: LHB Davion Lewis
|
0-0: Foul Ball, location: 2F 0-1: Ball 1-1: Called Strike 1-2: Ball 2-2: Foul Ball, location: 2F 2-2: Foul Ball, location: 2F 2-2: Foul Ball, location: 2F 2-2: Foul Ball, location: 2F 2-2: Ball 3-2: Strikes out looking
|
|
Batting: RHB David Ward
|
0-0: Swinging Strike 0-1: Called Strike 0-2: Ball 1-2: Foul Ball, location: 2F 1-2: Ball 2-2: Strikes out looking
|
| Bottom of the 6th over - 0 runs, 0 hits, 0 errors, 0 left on base; Pawtucket 3 - Durham 10 |
| TOP OF THE 7TH |
|
Pawtucket Red Sox batting - Pitching for Durham Bulls : RHP Jose Robles
|
|
Batting: LHB Frank Olivo
|
0-0: Foul Ball, location: 2F 0-1: Swinging Strike 0-2: Ball 1-2: Strikes out swinging
|
|
Batting: RHB Neil Mautone
|
0-0: Called Strike 0-1: Called Strike 0-2: Ball 1-2: Foul Ball, location: 2F 1-2: Foul Ball, location: 2F 1-2: Ground out 1-3 (Groundball, 34S, EV 69.4 MPH)
|
|
Pinch Hitting: LHB Julian Toney
|
0-0: Called Strike 0-1: Ball 1-1: Ball 2-1: Swinging Strike 2-2: Ball 3-2: Strikes out swinging
|
| Top of the 7th over - 0 runs, 0 hits, 0 errors, 0 left on base; Pawtucket 3 - Durham 10 |
| BOTTOM OF THE 7TH |
|
Durham Bulls batting - Pitching for Pawtucket Red Sox : LHP Eric Del Sordo
|
|
Now in LF: Julian Toney
|
|
|
Pinch Hitting: RHB John Downing
|
0-0: Fly out, F3 (Popup, 3SF, EV 73.8 MPH)
|
|
Batting: RHB Sesto Carpini
|
0-0: Ball 1-0: Foul Ball, location: 2F 1-1: Called Strike 1-2: Foul Ball, location: 2F 1-2: Ball 2-2: Strikes out looking
|
|
Batting: RHB Jose Arriola
|
0-0: Ball 1-0: Fly out, F7 (Flyball, 78M, EV 90.6 MPH)
|
| Bottom of the 7th over - 0 runs, 0 hits, 0 errors, 0 left on base; Pawtucket 3 - Durham 10 |
| TOP OF THE 8TH |
|
Pawtucket Red Sox batting - Pitching for Durham Bulls : RHP Jose Robles
|
|
Pitching: RHP Luis Cubero
|
|
|
Now at 3B: Sesto Carpini
|
|
|
Now at SS: John Downing
|
|
|
Batting: RHB Joe Evrard
|
0-0: Ball 1-0: Swinging Strike 1-1: Swinging Strike 1-2: Ball 2-2: Ball 3-2: Foul Ball, location: 2F 3-2: Base on Balls
|
|
Batting: RHB Roberto Morales
|
0-0: Ball 1-0: Swinging Strike 1-1: Ball 2-1: Foul Ball, location: 2F 2-2: Ball 3-2: Strikes out swinging
|
|
Pinch Hitting: RHB Carlos Nolasco
|
0-0: Swinging Strike 0-1: Ball 1-1: Foul Ball, location: 2F 1-2: Ball 2-2: SINGLE (Groundball, 56S, EV 75.0 MPH) (infield hit) Joe Evrard to second
|
|
Pinch Hitting: RHB Matt Hinkle
|
0-0: Ball 1-0: Ball 2-0: Called Strike 2-1: Ball 3-1: Called Strike 3-2: Fielders Choice at 2nd, 5-4 (Groundball, 5, EV 83.1 MPH) Joe Evrard to third
|
|
Pitching: LHP Sam Wesman
|
|
|
Batting: RHB Ernie Genier
|
0-0: Called Strike 0-1: Ball 1-1: Swinging Strike 1-2: Foul Ball, location: 2F 1-2: Ground out 3-1 (Groundball, 13, EV 87.5 MPH)
|
| Top of the 8th over - 0 runs, 1 hit, 0 errors, 2 left on base; Pawtucket 3 - Durham 10 |
| BOTTOM OF THE 8TH |
|
Durham Bulls batting - Pitching for Pawtucket Red Sox : LHP Eric Del Sordo
|
|
Pitching: RHP Mike Schroeder
|
|
|
Now at 2B: Matt Hinkle
|
|
|
Now at 3B: Carlos Nolasco
|
|
|
Now in LF: Frank Olivo
|
|
|
Now in RF: Julian Toney
|
|
|
Batting: RHB Kevin Benfield
|
0-0: Ball 1-0: Foul Ball, location: 2F 1-1: Ball 2-1: Swinging Strike 2-2: Ball 3-2: Strikes out swinging
|
|
Batting: RHB Freddy Mullen
|
0-0: Ball 1-0: Called Strike 1-1: DOUBLE (Line Drive, 9LM, EV 112.5 MPH)
|
|
Pinch Hitting: RHB Antonio Pacheco
|
0-0: Foul Ball, location: 2F 0-1: SINGLE (Groundball, P, EV 75.6 MPH) (infield hit) Freddy Mullen to third
|
|
Pinch Hitting: RHB Dan Marks
|
0-0: Ball 1-0: Grounds into double play, 6-4-3 (Groundball, 56, EV 81.9 MPH)
|
| Bottom of the 8th over - 0 runs, 2 hits, 0 errors, 1 left on base; Pawtucket 3 - Durham 10 |
| TOP OF THE 9TH |
|
Pawtucket Red Sox batting - Pitching for Durham Bulls : LHP Sam Wesman
|
|
Now in CF: Antonio Pacheco
|
|
|
Now in RF: Dan Marks
|
|
|
Pinch Hitting: RHB David Norum
|
0-0: Ball 1-0: Foul Ball, location: 2F 1-1: Foul Ball, location: 2F 1-2: Strikes out swinging
|
|
Batting: LHB Frank Olivo
|
0-0: Ball 1-0: Foul Ball, location: 2F 1-1: Foul Ball, location: 2F 1-2: Strikes out looking
|
|
Batting: RHB Neil Mautone
|
0-0: Ball 1-0: Ground out 6-3 (Groundball, 6S, EV 68.8 MPH)
|
| Top of the 9th over - 0 runs, 0 hits, 0 errors, 0 left on base; Pawtucket 3 - Durham 10 |
|